 Dungeon Crawl Stone Soup version 0.27.0-1-g7a089689b8 (webtiles) character file.

Game seed: 8463472568296239988

2431 tilp the Digger (level 9, -4/52 HPs)
             Began as a Gargoyle Earth Elementalist on Aug 8, 2021.
             Was an Initiate of Vehumet.
             Killed by divine providence
             ... invoked by an orc priest
              (11 damage)
             ... on level 7 of the Dungeon.
             The game lasted 00:13:34 (9811 turns).

tilp the Digger (Gargoyle Earth Elementalist)       Turns: 9811, Time: 00:13:34

Health: -4/52      AC:  9    Str: 12    XL:     9   Next: 48%
Magic:  14/14      EV: 16    Int: 19    God:    Vehumet [......]
Gold:   255        SH:  0    Dex: 10    Spells: 8/14 levels left

rFire    . . .     SeeInvis .   b - +10 flail of the Fool {venom, Stlth+}
rCold    . . .     Faith    +   (no shield)
rNeg     + . .     Spirit   .   f - +1 robe
rPois    ∞         Reflect  .   (no helmet)
rElec    +         Harm     .   l - scarf {repulsion}
rCorr    .         Rampage  .   (no gloves)
Will     .....                  (no boots)
Stlth    +++.......             d - amulet of faith
HPRegen  0.17/turn              p - +4 ring of evasion
MPRegen  0.14/turn              (no ring)

@: studying Axes, repel missiles
A: sickness immunity, AC +6, negative energy resistance 1, electricity
resistance, torment resistance 1, petrification resistance
a: Renounce Religion


You were on level 7 of the Dungeon.
You worshipped Vehumet.
Vehumet was noncommittal.
You visited 2 branches of the dungeon, and saw 8 of its levels.
You also visited: Sewer.

You collected 327 gold pieces.
You spent 72 gold pieces at shops.

Inventory:

Hand Weapons
 a - a +1 quarterstaff
 b - the +10 flail of the Fool (weapon) {venom, Stlth+}
   (You found it on level 5 of the Dungeon)

   It poisons the flesh of those it strikes.
   Stlth:     It makes you more stealthy.
 o - the +7 Singing Sword {vorpal, sonic wave}
   (You found it on level 5 of the Dungeon)

   It inflicts extra damage upon your enemies.
   It radiates damaging sonic waves as it strikes, especially in combat
   involving dangerous or numerous foes.
Missiles
 c - 185 stones
 e - 34 poisoned darts (quivered)
 h - a curare-tipped dart
 n - 20 boomerangs
 r - 5 javelins
Armour
 f - a +1 robe (worn)
 l - a scarf of repulsion (worn)
Jewellery
 d - an amulet of faith (around neck)
 p - a +4 ring of evasion (left hand)
Wands
 j - a wand of mindburst (7)
 v - a wand of flame (1)
Scrolls
 s - 2 scrolls of teleportation
 t - a scroll of fog
 u - 2 scrolls of vulnerability
 w - a scroll of blinking
Potions
 g - 6 potions of curing
 i - 2 potions of resistance
 k - a potion of heal wounds
 m - 4 potions of flight
 q - a potion of might {unknown}


   Skills:
 - Level 4.0 Fighting
 - Level 4.0 Staves
 - Level 4.0 Dodging
 - Level 4.0 Stealth
 + Level 3.4 Spellcasting
 + Level 5.3 Conjurations
 + Level 2.6 Transmutations
 + Level 7.1 Earth Magic
 - Level 4.0 Evocations


You had 8 spell levels left.
You knew the following spells:

 Your Spells              Type           Power      Damage    Failure   Level
a - Sandblast             Erth           60%        2d14      1%          1
b - Passwall              Tmut/Erth      17%        N/A       3%          2
c - Stone Arrow           Conj/Erth      54%        3d10      3%          3

Your spell library contained the following spells:

 Spells                   Type           Power      Damage    Failure   Level
 Foxfire                  Conj/Fire      52%        2x1d6     4%          1
 Shock                    Conj/Air       52%        1d6       4%          1
 Petrify                  Tmut/Erth      21%        N/A       19%         4
 Gell's Gravitas          Tloc           1%         N/A       41%         3
 Swiftness                Air            3%         N/A       41%         3
 Teleport Other           Tloc           3%         N/A       41%         3
 Airstrike                Air            1%         N/A       82%         4
 Dispersal                Tloc           1%         N/A       100%        6


Dungeon Overview and Level Annotations

Branches:
Dungeon (7/15)             Temple (1/1) D:4           Sewer (visited)

Altars:
Ashenzari
Cheibriados
Elyvilon
Fedhas
Makhleb
Nemelex Xobeh
Okawaru
Ru
Sif Muna
Trog
Uskayaw
Vehumet
Yredelemnul
The Shining One

Shops:
D:2 (   D:5 ?

Annotations:
D:3 exclusion: sky beast
D:5 Grinder


Innate Abilities, Weirdness & Mutations

You are immune to sickness and miasma.
Your stone body is resilient. (AC +6)
You are immune to poison.
You resist negative energy. (rN+)
You are resistant to electric shocks. (rElec)
You are resistant to unholy torment.
You are immune to petrification.


Message History

You kill the killer bee!
Vehumet accepts your kill.
You see here a killer bee corpse.
You start resting.
Magic restored.
You start resting.
HP restored.
You start waiting.
Done waiting.
There is a stone staircase leading down here.
You climb downwards.
Found 16 gold pieces.
There is a stone staircase leading up here.
You now have enough gold to buy a +2 quarterstaff of distortion on D:2.
You can access your shopping list by pressing '$'.
You now have 255 gold pieces (gained 16).
Found a falchion.
The orc shouts!
An orc is nearby!
Found a quarterstaff.
The orc priest shouts! x2
The orc misses you.
You thump the orc!
You kill the orc!
Vehumet accepts your kill.
The orc warrior hits you from afar with a +0 glaive.
The orc priest mumbles some strange prayers to Beogh against you.
Beogh smites you!
The orc warrior hits you from afar with a +0 glaive!
The orc priest calls down the wrath of Beogh upon you.
Beogh smites you!
* * * LOW HITPOINT WARNING * * *
The orc priest calls down the wrath of Beogh upon you.
Beogh smites you!
* * * LOW HITPOINT WARNING * * *
The orc priest begins to cast a cantrip, but forgets the words!
The orc priest looks braver for a moment.
The orc priest calls down the wrath of Beogh upon you.
Beogh smites you!
You die...

..### .....##.###
###.........##. #..
......)#..... #..
##.......#.## #..
#######.......#o..## #..
#.......##.........####..
#......<##...............
#.......@..o..o..).......
#.......####...o.......>.
#.......####....5..####..
#.............#...## #..
#############.##.## #.o
#.###.#####.. #.#
#.(..... #.# #####.. #.#
###


You could see an orc warrior and 3 orc priests.

Vanquished Creatures
  A water moccasin (D:6)
  2 orc warriors (D:6)
  2 necrophages
  4 ogres
  A phantom (D:4)
  A kobold brigand (Sewer)
  6 scorpions
  2 bullfrogs (D:6)
  A water moccasin zombie (D:5)
  A water moccasin skeleton (D:4)
  3 killer bees (D:6)
  A howler monkey (D:6)
  A crimson imp (D:5)
  4 hounds
  A jelly (D:6)
  An orc priest (D:5)
  A centaur skeleton (D:4)
  3 iguanas
  3 orc wizards (D:6)
  A scorpion zombie (D:5)
  A hound zombie (D:5)
  A hound skeleton (D:4)
  12 adders
  2 river rats
  An ufetubus (D:4)
  9 worms
  2 dart slugs (D:2)
  20 orcs
  9 ball pythons
  7 endoplasms
  2 giant cockroaches (D:2)
  6 goblins
  8 hobgoblins
  5 jackals
  3 quokkas
  A ball python skeleton (D:2)
  9 bats
  3 frilled lizards
  10 kobolds
  14 rats
165 creatures vanquished.

Vanquished Creatures (others)
  2 fungi (D:5)
2 creatures vanquished.

Grand Total: 167 creatures vanquished

Notes
Turn   | Place    | Note
-------+----------+-------------------------------------------
     0 | D:1      | tilp the Gargoyle Earth Elementalist began the quest for
                  | the Orb.
     0 | D:1      | Reached XP level 1. HP: 10/10 MP: 3/3
   132 | D:1      | Found a faded altar of an unknown god.
   351 | D:1      | Reached skill level 4 in Earth Magic
   363 | D:1      | Reached XP level 2. HP: 12/15 MP: 0/5
  1327 | D:2      | Reached skill level 5 in Earth Magic
  1327 | D:2      | Reached XP level 3. HP: 10/19 MP: 0/6
  1569 | D:2      | Learned a level 2 spell: Passwall
  1573 | D:2      | Learned a level 3 spell: Stone Arrow
  1902 | D:2      | Reached skill level 1 in Conjurations
  1923 | D:2      | Reached XP level 4. HP: 22/24 MP: 4/7
  2573 | D:2      | Found Jiaholuq's Weapon Boutique.
  2582 | D:2      | Bought a +0 quarterstaff for 44 gold pieces
  3404 | D:3      | Noticed a sky beast
  3577 | D:3      | Found a sparkling altar of Nemelex Xobeh.
  4002 | D:4      | Reached XP level 5. HP: 17/28 MP: 3/8
  4060 | D:4      | Reached skill level 6 in Earth Magic
  4104 | D:4      | Noticed a necrophage
  4116 | D:4      | Killed a necrophage
  4117 | D:4      | Reached XP level 6. HP: 6/33 MP: 1/9
  4269 | D:4      | Reached skill level 1 in Fighting
  4269 | D:4      | Reached skill level 1 in Staves
  4269 | D:4      | Reached skill level 1 in Evocations
  4318 | D:4      | Found a glowing drain.
  4480 | Sewer    | Entered a sewer
  4720 | Sewer    | Reached XP level 7. HP: 17/39 MP: 0/10
  5211 | Sewer    | Found a white marble altar of Elyvilon.
  5786 | D:4      | Found a white marble altar of Elyvilon.
  6354 | D:4      | Found a staircase to the Ecumenical Temple.
  6363 | Temple   | Entered the Ecumenical Temple
  6727 | D:5      | Entered Level 5 of the Dungeon
  6800 | D:4      | Reached XP level 8. HP: 29/45 MP: 0/11
  7368 | D:5      | Identified the +10 flail of the Fool {venom, Stlth+}
  7376 | D:5      | Noticed Grinder
  7433 | D:5      | Found Canitarr's Magic Scroll Emporium.
  7442 | D:5      | Bought a scroll of fog for 28 gold pieces
  7555 | D:5      | Found a burning altar of Makhleb.
  7555 | D:5      | Found a radiant altar of Vehumet.
  7565 | D:5      | Became a worshipper of Vehumet
  7931 | D:5      | Reached skill level 1 in Transmutations
  8147 | D:5      | Found the +7 Singing Sword {vorpal, sonic wave}
  8463 | D:6      | Reached XP level 9. HP: 52/52 MP: 12/12
  8826 | D:6      | Reached * piety under Vehumet
  8826 | D:6      | Offered knowledge of Foxfire by Vehumet.
  9074 | D:6      | Reached skill level 5 in Conjurations
  9449 | D:6      | Reached skill level 7 in Earth Magic
  9811 | D:7      | Killed from afar by an orc priest

Illustrated notes

Levels and vault maps discovered:
D:1:      heliophobic_arrival_henge, layout_basic,
          shapermc_ecumenical_altar_venn, serial_rivers,
          chequers_serial_rivers_small_3, chequers_serial_rivers_micro_b,
          chequers_serial_rivers_micro_a, chequers_serial_rivers_micro_e,
          chequers_serial_rivers_micro_e
D:2:      layout_rooms, serial_shops, nicolae_lakefront_shop,
          hangedman_decor_points, minmay_divided_ellipse
D:3:      layout_loops_corners, nemelex_dance_club_becter,
          kennysheep_generic_room_12
D:4:      layout_loops_corners, lemuel_doored_altar, lemuel_temple_firewalk_b,
          lightli_sewer_entry_pipes, hangedman_abyss_or_decor_lesser_grid,
          abandoned_shop, minmay_manual_moon
D:5:      old_forge, layout_cave_pools,
          grunt_temple_overflow_lords_of_destruction, serial_shops,
          nicolae_lakefront_shop, kennysheep_generic_room_2, uniq_grinder
D:6:      layout_loops_ring
D:7:      layout_loops_cross, lemuel_coloured_pillars_altar,
          kennysheep_little_box, minmay_manual_mandibuliform
Temple:   eino_temple_lava

Skill      XL: |  1  2  3  4  5  6  7  8  9 |
---------------+----------------------------+-----
Earth Magic    | 4 5 6 7 |  7.1
Conjurations   | 1 2 4 5 |  5.3
Fighting       | 1 2 4 |  4.0
Staves         | 1 2 4 |  4.0
Dodging        | 2 4 |  4.0
Evocations     | 1 2 4 |  4.0
Stealth        | 3 4 |  4.0
Transmutations | 1 2 |  2.6
Spellcasting   | 3 |  3.4

Action                   |  1- 3 |  4- 6 |  7- 9 || total
-------------------------+-------+-------+-------++-------
Melee: Unarmed           |    28 |       |       ||    28
       Hand axe          |    12 |    38 |       ||    50
       Quarterstaff      |       |    88 |    70 ||   158
       Flail             |       |       |   110 ||   110
Throw: Dart              |       |       |     1 ||     1
 Cast: Sandblast         |    51 |    26 |    29 ||   106
       Stone Arrow       |       |     9 |    33 ||    42
Evoke: Wand              |       |     3 |       ||     3
  Use: Scroll            |     2 |     5 |     4 ||    11
       Potion            |       |       |     1 ||     1
 Stab: Sleeping          |       |     5 |     6 ||    11
       Distracted        |       |       |     2 ||     2
Armor: Robe              |    14 |    49 |    84 ||   147
Dodge: Dodged            |    40 |    77 |   207 ||   324
